 Dungeon Crawl Stone Soup version 0.31-a0-859-g9dce7d3444 (webtiles) character file.

Game seed: 4691955026935357992

13427 dualclasshuman the Fighter (level 11, -7/160 HPs)
             Began as a Minotaur Berserker on Oct 9, 2023.
             Was an Elder of Trog.
             Killed from afar by Jorgrun (29 damage)
             ... with an iron shot
             ... on level 14 of the Dungeon.
             The game lasted 00:35:26 (9487 turns).

dualclasshuman the Fighter (Minotaur Berserker)     Turns: 9487, Time: 00:35:27

Health: -7/160     AC: 25    Str: 24    XL:     11   Next: 75%
Magic:  10/10      EV:  2    Int:  4    God:    Trog [****..]
Gold:   726        SH:  0    Dex: 18    Spells: 10/10 levels left

rFire   + . .        D - +0 dire flail
rCold   x . .        (shield currently unavailable)
rNeg    . . .        O - melded +2 ring mail {rC+}
rPois   +            (helmet unavailable)
rElec   .            v - melded +2 cloak {Stlth+}
rCorr   .            d - melded +1 pair of gloves
SInv    .            c - melded +0 pair of boots
Will    +....        m - amulet of regeneration
Stlth   ++           f - +6 ring of dexterity
HPRegen 1.26/turn    k - ring of fire
MPRegen 0.12/turn

%: no passive effects
@: tree-form
A: stationary, stasis, torment immunity, boosted hp, (horns 3), (retaliatory
headbutt), strong-willed 1
a: Renounce Religion, Berserk, Trog's Hand, Brothers in Arms


You were on level 14 of the Dungeon.
You worshipped Trog.
Trog was greatly pleased with you.
You were a tree.
You visited 1 branch of the dungeon, and saw 12 of its levels.
You also visited: Sewer.

You collected 726 gold pieces.

Inventory:

Hand Weapons
 u - a +3 quarterstaff of chaos
 w - a +0 hammer of protection
 y - a +0 battleaxe
 D - a +0 dire flail (weapon)
 G - a +0 halberd
 Q - a +0 orcbow
 R - the +2 hand axe of Yeast {antimagic, *Noise Will++ rCorr SInv}
   (You took it off an orc on level 4 of the Dungeon)

   Will++:    It greatly increases your willpower.
   SInv:      It lets you see invisible.
   *Noise:    It may make a loud noise when swung.
   rCorr:     It protects you from acid and corrosion.
 W - a +1 antimagic quarterstaff
Missiles
 g - 6 poisoned darts
 N - a throwing net (quivered)
 S - 15 boomerangs
Armour
 c - a +0 pair of boots (melded)
 d - a +1 pair of gloves (melded)
 v - a +2 cloak of stealth (melded)
 H - a +3 chain mail of fire resistance
 O - a +2 ring mail of cold resistance (melded)
 P - the +0 chain mail of Hovua {rCorr}
   (You took it off an orc on level 4 of the Dungeon)

   rCorr:     It protects you from acid and corrosion.
 V - a +0 troll leather armour
 X - a +0 cloak of preservation
Jewellery
 f - a +6 ring of dexterity (left branch)
 i - a ring of poison resistance
 k - a ring of fire (right branch)
 m - an amulet of regeneration (around neck)
Wands
 b - a wand of flame (40)
 I - a wand of polymorph (5)
 K - a wand of charming (4)
 L - a wand of iceblast (11)
 T - a wand of quicksilver (9)
Scrolls
 a - a scroll of torment
 j - 2 scrolls of enchant weapon
 l - a scroll of summoning
 n - 2 scrolls of immolation
 q - 6 scrolls of teleportation
 r - a scroll of identify
 t - 2 scrolls of revelation
 B - 2 scrolls of fear
 E - 3 scrolls of vulnerability
 F - 2 scrolls of fog
 J - a scroll of blinking
Potions
 e - a potion of berserk rage {unknown}
 h - a potion of haste {unknown}
 o - 2 potions of mutation
 p - a potion of curing
 s - 4 potions of degeneration {unknown}
 x - 2 potions of heal wounds {unknown}
 z - 6 potions of might {unknown}
 A - 2 potions of ambrosia {unknown}
 M - 2 potions of lignification


   Skills:
 * Level 13.3 Fighting
 + Level 8.0(11.7) Axes
 + Level 13.2(14.1) Maces & Flails
 + Level 8.0 Armour
 + Level 7.7 Dodging
 + Level 0.3 Evocations


You had 10 spell levels left.
You didn't know any spells.
Your spell library was empty.

Dungeon Overview and Level Annotations

Branches:
Dungeon (11/15)            Temple (0/1) D:6            Lair (0/5) D:11
  Sewer (visited)
    Orc: D:9-12

Altars:
Dithmenos
Elyvilon
Hepliaklqana
Makhleb
Nemelex Xobeh
Qazlal
Ru
Sif Muna
Vehumet
Yredelemnul

Shops:
D:10 :

Annotations:
D:8 1 runed translucent door, subawu's ghost, novice GnSh
D:14 Jorgrun


Innate Abilities, Weirdness & Mutations

You are a tree.
Your roots penetrate the ground, keeping you stationary.
You cannot be teleported.
You are immune to unholy pain and torment.
Your maximum health is greatly increased.
Your equipment is partially melded.
((You have a pair of large horns on your head.))
((You reflexively headbutt those who attack you in melee.))
You are strong-willed. (Will+)


Message History

You feel less stealthy.
You feel less resistant to cold.
Your roots penetrate the ground.
You recover from your berserk rage.
You feel the effects of Trog's Hand fading.
You feel better. Jorgrun hits you but does no damage.
The grasping roots constrict you!
* * * LOW HITPOINT WARNING * * *
The grasping roots release their grip on you.
You sock Jorgrun!
Jorgrun is severely wounded.
You puncture Jorgrun!
Jorgrun is severely wounded.
Jorgrun barely misses you.
You hit Jorgrun but do no damage.
Jorgrun is severely wounded.
You puncture Jorgrun!
Jorgrun is almost dead.
Jorgrun hits you but does no damage.
You closely miss Jorgrun.
Jorgrun is almost dead.
You miss Jorgrun.
Jorgrun is almost dead.
You closely miss Jorgrun.
Jorgrun is almost dead.
Jorgrun hits you with a +0 heavy quarterstaff.
* * * LOW HITPOINT WARNING * * *
You hit Jorgrun but do no damage.
Jorgrun is almost dead.
Your skin stops crawling.
You feel less strong-willed.
You closely miss Jorgrun.
Jorgrun is almost dead.
Jorgrun points at you and mumbles some strange words.
The iron shot misses you.
You miss Jorgrun.
Jorgrun is severely wounded.
You closely miss Jorgrun.
Jorgrun is severely wounded.
Jorgrun gestures at you while chanting. The iron shot hits you!!
You die...

#.......#).## #....
#.......##).####....
#.......###....'..:.
#.......# ######....
#.......# ###'#
######'## #.# ##.#
#.. ###..# ##.
#♣..## #. #g### #.
.... ###### .......
...... #.........
.##### #..........
.. #........... ###
####.######## #..
###


You could see Jorgrun.

Vanquished Creatures
  A centaur warrior (D:14)
  A boulder beetle (D:11)
  3 two-headed ogres
  A tengu warrior (D:8)
  A deep elf pyromancer (D:11)
  Maurice (D:11)
  Psyche (D:9)
  The ghost of kd29 the Caller, a novice DESu (D:4)
  3 trolls
  Grinder (D:3)
  A shadow (D:11)
  A vampire (D:10)
  2 wyverns (D:8)
  A wraith (D:10)
  14 yaks
  2 vampire mosquitoes (D:11)
  The ghost of awesomeguy42 the Grave Robber, an amateur HuNe (D:3)
  A water moccasin (D:7)
  4 orc warriors
  Pargi (D:3)
  4 ice beasts
  2 ogres
  4 black bears
  5 centaurs
  4 phantoms
  A kobold brigand (D:11)
  5 bullfrogs
  A gnoll sergeant (D:8)
  2 scorpions
  14 killer bees
  5 howler monkeys
  An electric eel (D:6)
  3 hounds (D:5)
  Crazy Yiuf (D:2)
  5 orc priests
  A gnoll bouda (D:6)
  A sleepcap (D:7)
  5 orc wizards
  4 iguanas
  14 adders
  9 gnolls
  7 river rats (Sewer)
  A shadow imp (D:6)
  3 white imps
  3 ufetubi
  A worm (D:3)
  5 dart slugs
  26 orcs
  11 ball pythons
  9 endoplasms
  2 giant cockroaches
  5 goblins
  6 hobgoblins
  2 jackals (D:4)
  11 kobolds
  3 quokkas
  7 bats
  5 frilled lizards
  24 rats
264 creatures vanquished.

Vanquished Creatures (collateral kills)
  An orc priest (D:4)
  3 orcs (D:4)
4 creatures vanquished.

Vanquished Creatures (others)
  A yak (D:9)
1 creature vanquished.

Grand Total: 269 creatures vanquished

Notes
Turn   | Place    | Note
-------+----------+-------------------------------------------
     0 | D:1      | dualclasshuman the Minotaur Berserker began the quest for
                  | the Orb.
     0 | D:1      | Reached XP level 1. HP: 19/19 MP: 0/0
   234 | D:1      | Found a faded altar of an unknown god.
   236 | D:1      | Noticed a floating eye
   236 | D:1      | Noticed a floating eye
   237 | D:1      | Noticed a great orb of eyes
   237 | D:1      | Noticed a shining eye
   350 | D:1      | Reached XP level 2. HP: 27/27 MP: 1/1
   833 | D:2      | Reached XP level 3. HP: 33/34 MP: 2/2
  1404 | D:2      | Found a runed translucent door.
  1405 | D:2      | Noticed Crazy Yiuf
  1414 | D:2      | Killed Crazy Yiuf
  1415 | D:2      | Reached skill level 5 in Fighting
  1415 | D:2      | Reached XP level 4. HP: 30/42 MP: 3/3
  1482 | D:2      | Found a burning altar of Makhleb.
  1876 | D:3      | Reached ** piety under Trog
  2035 | D:3      | Noticed Grinder
  2038 | D:3      | Paralysed by Grinder for 3 turns
  2052 | D:3      | Killed Grinder
  2053 | D:3      | Reached skill level 5 in Axes
  2053 | D:3      | Reached XP level 5. HP: 32/50 MP: 4/4
  2053 | D:3      | Reached XP level 6. HP: 37/57 MP: 5/5
  2103 | D:3      | Found a glowing drain.
  2113 | Sewer    | Entered a sewer
  2315 | Sewer    | Reached *** piety under Trog
  2398 | Sewer    | Reached XP level 7. HP: 64/64 MP: 6/6
  2440 | D:3      | Noticed Pargi
  2451 | D:3      | Killed Pargi
  2887 | D:3      | Found a runed translucent door.
  2889 | D:3      | Noticed awesomeguy42's ghost (amateur HuNe)
  3023 | D:3      | Killed awesomeguy42's ghost
  3175 | D:4      | Found a white marble altar of Elyvilon.
  3224 | D:4      | Found a runed translucent gate.
  3225 | D:4      | Noticed kd29's ghost (novice DESu)
  3225 | D:4      | Found a runed translucent gate.
  3226 | D:4      | Found a runed translucent gate.
  3227 | D:4      | Identified the +0 chain mail of Hovua {rCorr}
  3231 | D:4      | Identified the +2 hand axe of Yeast {antimagic, *Noise
                  | Will++ rCorr SInv}
  3337 | D:4      | Reached skill level 5 in Maces & Flails
  3337 | D:4      | Reached skill level 5 in Dodging
  3729 | D:5      | Entered Level 5 of the Dungeon
  3811 | D:5      | Reached XP level 8. HP: 73/73 MP: 7/7
  4142 | D:5      | Reached **** piety under Trog
  4523 | D:6      | Noticed a troll
  4532 | D:6      | Killed a troll
  4579 | D:6      | Found a basalt altar of Yredelemnul.
  4582 | D:6      | Found a hazy altar of Hepliaklqana.
  4770 | D:6      | Reached XP level 9. HP: 82/82 MP: 8/8
  4990 | D:6      | Found a radiant altar of Vehumet.
  5031 | D:6      | Reached skill level 5 in Armour
  5034 | D:6      | Found a sparkling altar of Nemelex Xobeh.
  5171 | D:6      | Found a staircase to the Ecumenical Temple.
  5332 | D:7      | Found a shimmering blue altar of Sif Muna.
  6008 | D:8      | Noticed a two-headed ogre
  6018 | D:8      | Killed a two-headed ogre
  6019 | D:8      | Reached skill level 10 in Fighting
  6019 | D:8      | Reached skill level 10 in Maces & Flails
  6033 | D:8      | Noticed subawu's ghost (novice GnSh)
  6041 | D:8      | Found a runed translucent door.
  6115 | D:8      | Noticed a two-headed ogre
  6144 | D:8      | Killed a two-headed ogre
  6145 | D:8      | Reached XP level 10. HP: 61/94 MP: 9/9
  6582 | D:8      | Reached ***** piety under Trog
  6601 | D:8      | Noticed a tengu warrior
  6617 | D:8      | Killed a tengu warrior
  6830 | D:4      | Killed kd29's ghost
  7345 | D:9      | Noticed Psyche
  7357 | D:9      | Killed Psyche
  7719 | D:9      | Reached XP level 11. HP: 96/104 MP: 10/10
  7818 | D:9      | Found a stormy altar of Qazlal.
  7821 | D:9      | Gained mutation: You are somewhat resistant to further
                  | mutation. [potion of mutation]
  7822 | D:9      | Lost mutation: You are somewhat resistant to further
                  | mutation. [potion of mutation]
  7822 | D:9      | Gained mutation: Your muscles are strong. (Str +4, Int/Dex
                  | -1) [potion of mutation]
  7822 | D:9      | Gained mutation: Your flesh is cold resistant. (rC+)
                  | [potion of mutation]
  7823 | D:9      | Lost mutation: Your muscles are strong. (Str +4, Int/Dex
                  | -1) [potion of mutation]
  7823 | D:9      | Lost mutation: Your flesh is cold resistant. (rC+) [potion
                  | of mutation]
  7823 | D:9      | Gained mutation: Your body sometimes deteriorates upon
                  | taking damage. [potion of mutation]
  7823 | D:9      | Gained mutation: You are weak. (Str -2) [potion of
                  | mutation]
  7824 | D:9      | Lost mutation: You are weak. (Str -2) [potion of mutation]
  7824 | D:9      | Lost mutation: Your body sometimes deteriorates upon taking
                  | damage. [potion of mutation]
  7824 | D:9      | Gained mutation: You are strong-willed. (Will+) [potion of
                  | mutation]
  7824 | D:9      | Gained mutation: You have a pair of large horns on your
                  | head. [potion of mutation]
  7958 | D:10     | Entered Level 10 of the Dungeon
  7991 | D:10     | Found Ygruich's Vocational Training.
  8066 | D:10     | Found a sacrificial altar of Ru.
  8856 | D:11     | Noticed a two-headed ogre
  8857 | D:11     | Noticed a deep elf pyromancer
  8860 | D:11     | Killed a deep elf pyromancer
  8867 | D:11     | Killed a two-headed ogre
  8871 | D:11     | Noticed Maurice
  8887 | D:11     | Maurice stole a +0 hammer of protection
  8888 | D:11     | Maurice stole 12 boomerangs
  8890 | D:11     | Killed Maurice
  8890 | D:11     | Received a gift from Trog
  8898 | D:11     | Noticed a boulder beetle
  8919 | D:11     | Killed a boulder beetle
  9273 | D:11     | Found a staircase to the Lair.
  9336 | D:11     | You fall into a shaft and drop 3 floors!
  9373 | D:14     | Found a shadowy altar of Dithmenos.
  9418 | D:14     | Noticed a centaur warrior
  9431 | D:14     | Killed a centaur warrior
  9461 | D:14     | Noticed Jorgrun
  9487 | D:14     | Killed from afar by Jorgrun

Illustrated notes

Levels and vault maps discovered:
D:1:      saegor_arrival_simple_c, layout_basic, serial_rivers,
          chequers_serial_rivers_micro_b, chequers_serial_rivers_small_b,
          chequers_serial_rivers_small_3, chequers_serial_rivers_micro_b,
          hellmonk_ecumenical_altar_watching_god
D:2:      layout_basic, basic_altar, kennysheep_another_room,
          uniq_crazy_yiuf_cottage
D:3:      minmay_door_path, layout_loops_ring, ebering_ghost_reflecting_pool,
          portal_sewer_entry_d, due_unseen_surprise, uniq_grinder, uniq_pargi
D:4:      layout_cave_pools, lemuel_tele_altar, biasface_ghost_orc_armoury,
          nrook_campfire, amcnicky_mini_pool_small
D:5:      layout_basic
D:6:      cheibrodos_helix_gallery, layout_rooms,
          mainiacjoe_overflow_surrounded_room, nicolae_vehumet_radiance,
          nicolae_overflow_squiral, minmay_temple_entry_fiery
D:7:      layout_gridville, nicolae_sif_muna_condensation
D:8:      layout_basic, hellmonk_ghost_big_iron
D:9:      layout_basic, overflow_temple_1_default, nrook_loot_triangle,
          uniq_psyche
D:10:     layout_basic, mainiacjoe_overflow_alcove_1, nicolae_shop_vocational
D:11:     layout_irregular_city, lair_entry_dummy, serial_glass,
          glass_columns_c, glass_columns_b, uniq_maurice
D:14:     layout_roguey, gauntlet_entry_generic, nicolae_dithmenos_the_darkroom,
          uniq_snorg, uniq_jorgrun

Skill      XL: |  1  2  3  4  5  6  7  8  9 10 11 |
---------------+----------------------------------+-----
Fighting       | 4 5 6 7 8 10 11 13 | 13.3
Axes           | 4 5 6 8 |  8.0
Maces & Flails | 2 3 5 8 10 12 13 | 13.2
Dodging        | 3 4 5 6 7 |  7.7
Armour         | 4 6 7 8 |  8.0
Evocations     | |  0.3

Action                     |  1- 3 |  4- 6 |  7- 9 | 10-12 || total
---------------------------+-------+-------+-------+-------++-------
  Melee: Hand axe          |    65 |       |       |    34 ||    99
         Headbutt          |    12 |    14 |    59 |    74 ||   159
         Mace              |       |   116 |   268 |    59 ||   443
         Punch             |       |     1 |     1 |     1 ||     3
         Battleaxe         |       |       |       |    26 ||    26
         Dire flail        |       |       |       |   161 ||   161
 Invoke: Berserk           |     1 |       |     4 |     4 ||     9
         Trog's Hand       |       |       |     1 |     5 ||     6
         Brothers in Arms  |       |       |       |     1 ||     1
  Evoke: Wand              |       |       |     2 |     1 ||     3
    Use: Scroll            |     2 |       |    14 |     3 ||    19
         Potion            |       |       |     1 |     7 ||     8
   Stab: Sleeping          |       |     8 |     6 |     1 ||    15
         Distracted        |       |       |       |     1 ||     1
 Armour: Animal skin       |    26 |    93 |    24 |       ||   143
         Ring mail         |       |       |   154 |   147 ||   301
         Skin              |       |       |       |     4 ||     4
  Dodge: Dodged            |    43 |   134 |   166 |   151 ||   494

Table legend: (Time is in decaauts)
 A = Elapsed time spent in this place.
 B = Non-inter-level travel time spent in this place.
 C = Inter-level travel time spent in this place.
 D = Time resting spent in this place.
 E = Time spent auto-exploring this place.
 F = Levels seen in this place.
 G = Mean time per level.
                   A        B        C        D        E       F      G
               +--------+--------+--------+--------+--------+-----+--------+
         Total |   9591 |   8918 |    673 |    342 |   6197 |  13 |  737.8 |
       Dungeon |   9214 |   8541 |    673 |    342 |   6015 |  12 |  767.8 |
         Sewer |    377 |    377 |      0 |      0 |    181 |   1 |  377.0 |
               +--------+--------+--------+--------+--------+-----+--------+

Top non-repeatable levels by time:
     D:3: 1063 daAuts
     D:2: 972 daAuts
     D:7: 861 daAuts
     D:4: 860 daAuts
     D:5: 833 daAuts
     D:1: 806 daAuts
     D:9: 801 daAuts
     D:6: 765 daAuts
     D:8: 764 daAuts
    D:10: 734 daAuts
    D:11: 609 daAuts
   Sewer: 377 daAuts
    D:14: 142 daAuts
